 Seeded DCSS version 0.27.1-3-gb3d3a73c9e (webtiles) character file.

Game seed: 20211021 (custom seed)

33 jessy the Cudgeller (level 3, -8/30 HPs)
             Began as a Minotaur Gladiator on Oct 21, 2021.
             Mangled by Sigmund (10 damage)
             ... on level 2 of the Dungeon.
             The game lasted 00:05:22 (912 turns).

jessy the Cudgeller (Minotaur Gladiator)             Turns: 912, Time: 00:05:22

Health: -8/30      AC:  8    Str: 19    XL:     3   Next: 12%
Magic:  2/2        EV: 11    Int:  5    God:
Gold:   15         SH:  5    Dex: 11    Spells: 2/2 levels left

rFire    . . .     SeeInvis .   a - +0 flail
rCold    . . .     Faith    .   (no shield)
rNeg     . . .     Spirit   .   m - +0 ring mail
rPois    .         Reflect  +   c - +0 hat
rElec    .         Harm     .   g - +0 cloak
rCorr    .         Rampage  .   (no gloves)
Will     .....                  n - +1 pair of boots
Stlth    +.........             e - amulet of reflection
HPRegen  0.10/turn              (no ring)
MPRegen  0.08/turn              (no ring)

@: no status effects
A: horns 2, retaliatory headbutt
a: no special abilities


You were on level 2 of the Dungeon.
You visited 1 branch of the dungeon, and saw 2 of its levels.

You collected 15 gold pieces.

Inventory:

Hand Weapons
 a - a +0 flail (weapon)
 o - a +0 spear
Missiles
 d - 3 throwing nets (quivered)
 k - 24 stones
 l - 15 poisoned darts
Armour
 b - a +0 leather armour
 c - a +0 hat (worn)
 g - a +0 cloak (worn)
 m - a +0 ring mail (worn)
 n - a +1 pair of boots (worn)
 q - a +0 barding
Jewellery
 e - an amulet of reflection (around neck)
Scrolls
 f - a scroll of amnesia {unknown}
 h - 3 scrolls of teleportation {unknown}
 j - a scroll of identify {unknown}
 p - a scroll of immolation {unknown}
Potions
 i - 2 potions of attraction {unknown}


   Skills:
 + Level 2.5 Fighting
 + Level 4.3 Maces & Flails
 + Level 2.2 Throwing
 + Level 0.8 Armour
 + Level 3.8 Dodging


You had 2 spell levels left.
You didn't know any spells.
Your spell library was empty.

Dungeon Overview and Level Annotations

Branches:
Dungeon (2/15)

Altars:

Shops:
D:1 ?

Annotations:
D:2 Sigmund


Innate Abilities, Weirdness & Mutations

You have a pair of horns on your head.
You reflexively headbutt those who attack you in melee.


Message History

q - a +0 barding Unknown command.
You can't wear that!
A magic dart appears from out of thin air!
The magic dart hits you. Something hits you but does no damage.
Things that are here:
a +0 dagger; a goblin corpse You thump something!
You headbutt something. Something hits you but does no damage.
You thump something! The bat hits you but does no damage.
You hear some strange, mumbled words.
You are confused.
The bat hits you but does no damage.
You hear some strange, mumbled words.
Something tries to affect you, but you resist.
Something hits you. The bat barely misses you.
You're too confused to move!
The bat barely misses you. Something hits you!
You bump into the stone wall.
The bat barely misses you.
You bump into the stone wall.
The bat hits you but does no damage. Something hits you.
The bat hits you but does no damage.
You feel less confused. You block the bat's attack. You block the bat's attack.
A worm comes into view.
The bat barely misses you.
Found 16 stones.
The bat hits you but does no damage. The bat hits you but does no damage.
The bat hits you but does no damage. The bat barely misses you.
You furiously retaliate!
You headbutt the bat.
You kill the bat!
A puff of flame appears from out of thin air!
The puff of flame hits you!
* * * LOW HITPOINT WARNING * * *
You start resting.
Something hits you.
* * * LOW HITPOINT WARNING * * *
You see here 6 gold pieces.
Something hits you!
You die...

#.#.###
########..... .
#..........####..
#.# #..........#
#.# #....†.....#
#.###.###..###.# #
##.##........[..#..
#.$...†.[..........
#.@##...........##
#..###.###).....#
#..# #..........#
#............[..#
#...<..###..###....
#.#.##w( .... ....
#.#.##.#...... ###
#.#....#....... #.
.# #....##..


There were no monsters in sight!

Vanquished Creatures
  An adder (D:2)
  3 ball pythons
  2 bats
  An endoplasm (D:2)
  2 giant cockroaches
  2 goblins (D:2)
  3 hobgoblins
  3 frilled lizards
  2 kobolds (D:1)
  2 rats (D:2)
21 creatures vanquished.

Vanquished Creatures (others)
  12 plants (D:2)
12 creatures vanquished.

Grand Total: 33 creatures vanquished

Notes
Turn   | Place    | Note
-------+----------+-------------------------------------------
     0 | D:1      | jessy the Minotaur Gladiator began the quest for the Orb.
     0 | D:1      | Reached XP level 1. HP: 18/18 MP: 0/0
    93 | D:1      | Found Gecead's Magic Scroll Emporium.
   229 | D:1      | Reached skill level 4 in Maces & Flails
   314 | D:1      | Reached XP level 2. HP: 20/25 MP: 1/1
   869 | D:2      | Reached XP level 3. HP: 30/30 MP: 2/2
   883 | D:2      | Noticed Sigmund
   908 | D:2      | HP: 1/30 [something (3)]
   912 | D:2      | Mangled by Sigmund

Illustrated notes

Levels and vault maps discovered:
D:1:      denvon_arrival_waterhouse, layout_rooms, serial_shops, shop_statue,
          minmay_misc_feat_roman
D:2:      layout_loops_ring, hellmonk_ecumenical_altar_lost_god,
          serial_bayou_lagoon_a, uniq_sigmund

Skill      XL: |  1 |
---------------+----+-----
Maces & Flails | 4 |  4.3
Fighting       | |  2.5
Throwing       | |  2.2
Armour         | |  0.8
Dodging        | |  3.8

Action                   || total
-------------------------++-------
Melee: Flail             ||    39
       Headbutt          ||     3
Armor: Leather armour    ||     4
       Ring mail         ||    13
Dodge: Dodged            ||    30
Block: Other             ||     7
